 Dungeon Crawl Stone Soup version 0.28.0-53-g5a82cb258f (webtiles) character file.

Game seed: 11004686104152774564

201 Sin92 the Skirmisher (level 5, -2/42 HPs)
             Began as a Demonspawn Fighter on June 15, 2022.
             Slain by Pikel
             ... wielding a +1 whip of flaming
              (4 damage)
             ... on level 3 of the Dungeon.
             The game lasted 00:03:31 (3339 turns).

Sin92 the Skirmisher (Demonspawn Fighter)           Turns: 3339, Time: 00:03:32

Health: -2/42      AC: 15    Str: 16    XL:     5   Next: 50%
Magic:  5/5        EV:  5    Int:  9    God:
Gold:   146        SH:  5    Dex: 15    Spells: 4/4 levels left

rFire   . . .      SeeInvis .   j - +0 whip (elec)
rCold   . . .      Faith    .   c - +0 buckler
rNeg    . . .      Spirit   .   k - +0 plate armour
rPois   .          Reflect  .   (no helmet)
rElec   .          Harm     .   (no cloak)
rCorr   .          Rampage  .   (no gloves)
Will    .....                   s - +0 pair of boots
Stlth   ..........              (no amulet)
HPRegen 0.14/turn               (no ring)
MPRegen 0.09/turn               (no ring)

@: mighty
A: claws 1, thin metallic scales 2
a: no special abilities


You were on level 3 of the Dungeon.
You visited 1 branch of the dungeon, and saw 4 of its levels.

You collected 146 gold pieces.

Inventory:

Hand Weapons
 a - a +0 war axe
 j - a +0 whip of electrocution (weapon)
Armour
 b - a +0 scale mail
 c - a +0 buckler (worn)
 k - a +0 plate armour (worn)
 s - a +0 pair of boots (worn)
Wands
 r - a wand of flame (8)
Scrolls
 m - a scroll of teleportation
Potions
 g - 2 potions of heal wounds
 i - a potion of magic {unknown}
 l - a potion of resistance {unknown}
 p - a potion of mutation {unknown}
 q - a potion of attraction


   Skills:
 + Level 3.7 Fighting
 + Level 2.6(2.8) Axes
 + Level 1.3(2.2) Maces & Flails
 + Level 3.4 Armour
 + Level 1.7 Dodging
 + Level 3.4 Shields


You had 4 spell levels left.
You didn't know any spells.
Your spell library contained the following spells:

 Spells                   Type           Power      Damage    Failure   Level
 Magic Dart               Conj           0%         1d3       100%        1
 Searing Ray              Conj           0%         2d4       100%        2
 Conjure Flame            Conj/Fire      0%         6-21      100%        3
 Dazzling Flash           Conj/Hex       0%         N/A       100%        3
 Gell's Gravitas          Tloc           0%         N/A       100%        3
 Ignite Poison            Fire/Tmut/Pois 0%         N/A       100%        3
 Lesser Beckoning         Tloc           0%         N/A       100%        3
 Teleport Other           Tloc           0%         N/A       100%        3
 Fulminant Prism          Conj/Hex       0%         3d6       100%        4
 Iskenderun's Mystic Bla  Conj/Tloc      0%         2d3       100%        4
 Sticky Flame             Conj/Fire      0%         2d3       100%        4
 Starburst                Conj/Fire      0%         6d3       100%        6


Dungeon Overview and Level Annotations

Branches:
Dungeon (4/15)
 Temple: D:4-7

Altars:
Trog
Uskayaw

Annotations:
D:3 Pikel
D:4 Ijyb


Innate Abilities, Weirdness & Mutations

You have sharp fingernails.
You are mostly covered in thin metallic scales. (AC +3)


Message History

You hit Pikel.
Pikel is lightly wounded.
Pikel hits you but does no damage.
You hit Pikel but do no damage.
Pikel is lightly wounded.
Pikel hits you with a +1 whip of flaming.
Pikel burns you.
You closely miss Pikel.
Pikel is lightly wounded.
Pikel hits you but does no damage.
You closely miss Pikel.
Pikel is lightly wounded.
Pikel barely misses you.
You barely miss Pikel.
Pikel is lightly wounded.
You block Pikel's attack. Pikel hits you but does no damage.
You closely miss Pikel.
Pikel hits you with a +1 whip of flaming.
Pikel burns you.
You hit Pikel but do no damage. Lightning courses through Pikel!
Pikel is moderately wounded.
You block Pikel's attack.
You barely miss Pikel.
Pikel is moderately wounded.
Pikel hits you with a +1 whip of flaming.
Pikel burns you.
You feel very mighty all of a sudden.
Pikel hits you with a +1 whip of flaming.
* * * LOW HITPOINT WARNING * * *
Pikel burns you.
* * * LOW HITPOINT WARNING * * *
You whack Pikel!
Pikel is heavily wounded.
You block Pikel's attack.
You miss Pikel.
Pikel is heavily wounded.
Pikel hits you with a +1 whip of flaming!
* * * LOW HITPOINT WARNING * * *
Pikel burns you.
You die...

##.#.###..... ##########
##.###.##.####
#........######.## ##.......
#.######.##......###.##.#.##
#.# #.##.###...#.###.#.##
#.# ####.##.###....## #.....
#.# #..............# ###...
#.# #.##.##K###.#.## #)##
#.###.##.##@# #.#.# #>##
#...)....##.###.#'## #)##
#####.#####..†.....## #..[
##.### #####.....## ####
##.#..## ##.......## ##.
##.###..####.........####..
#.## ##....'.........'.....
##.###..####.........####..
##.#..## ##.......## ##.


You could see Pikel.

Vanquished Creatures
  2 orc priests (D:3)
  An iguana (D:3)
  2 gnolls (D:3)
  2 adders (D:3)
  3 worms
  5 orcs (D:3)
  6 ball pythons
  4 endoplasms
  7 giant cockroaches
  5 goblins
  5 hobgoblins
  4 jackals (D:3)
  4 quokkas
  4 bats
  2 frilled lizards
  3 kobolds
  5 rats
64 creatures vanquished.

Notes
Turn   | Place    | Note
-------+----------+-------------------------------------------
     0 | D:1      | Sin92 the Demonspawn Fighter began the quest for the Orb.
     0 | D:1      | Reached XP level 1. HP: 18/18 MP: 1/1
   278 | D:1      | Gained mutation: You are partially covered in thin metallic
                  | scales. (AC +2) [demonic ancestry]
   278 | D:1      | Reached XP level 2. HP: 24/24 MP: 2/2
  1103 | D:2      | Found a faded altar of an unknown god.
  1256 | D:2      | Reached XP level 3. HP: 29/29 MP: 3/3
  1532 | D:2      | You fall into a shaft and drop 1 floor!
  1548 | D:3      | Reached skill level 1 in Dodging
  1703 | D:2      | Found a bloodstained altar of Trog.
  1955 | D:3      | Gained mutation: You are mostly covered in thin metallic
                  | scales. (AC +3) [demonic ancestry]
  1955 | D:3      | Reached XP level 4. HP: 33/35 MP: 4/4
  2224 | D:3      | Reached skill level 1 in Maces & Flails
  2452 | D:3      | Found a hide-covered altar of Uskayaw.
  2507 | D:3      | Gained mutation: You have sharp fingernails. [demonic
                  | ancestry]
  2507 | D:3      | Reached XP level 5. HP: 28/41 MP: 5/5
  2952 | D:4      | Noticed Ijyb
  3322 | D:4      | Noticed Pikel
  3322 | D:4      | Noticed a lemure
  3322 | D:4      | Noticed a lemure
  3322 | D:4      | Noticed a lemure
  3323 | D:4      | Noticed a lemure
  3339 | D:3      | HP: 2/42 [Pikel/+1 whip of flaming (8)]
  3339 | D:3      | Slain by Pikel

Illustrated notes

Levels and vault maps discovered:
D:1:      giann_forest_graveyard, layout_loops_ring, minivault_4
D:2:      layout_loops_ring, basic_altar, basic_ecumenical_altar,
          chequers_serial_rivers_micro_d
D:3:      layout_loops_corners, lemuel_tele_altar
D:4:      layout_cave_pools, tgw_sif, uniq_ijyb, uniq_pikel

Skill      XL: |  1  2  3  4 |
---------------+-------------+-----
Axes           | 2 |  2.6
Shields        | 3 |  3.4
Dodging        | 1 |  1.7
Armour         | 3 |  3.4
Maces & Flails | 1 |  1.3
Fighting       | |  3.7

Action                   |  1- 3 |  4- 6 || total
-------------------------+-------+-------++-------
Melee: War axe           |    49 |       ||    49
       Whip              |    58 |   126 ||   184
  Use: Scroll            |       |     7 ||     7
       Potion            |       |     1 ||     1
Armor: Scale mail        |    28 |       ||    28
       Plate armour      |    24 |   110 ||   134
Dodge: Dodged            |    43 |    24 ||    67
Block: Buckler           |    21 |    32 ||    53
